General information
			
			
        
        - name: BNet
 
        - type: Ladder team game (AT/RT)
 
        - host: Battle.net
 
        - saver: Gobiner
 
        
map: RiverOfSouls 
        - players: 6
 
        - length: 46:13
 
        - speed: Fast
 - version: 1.22 W3XP
 - replay type:  Public
 
» download(347 KB)
Players
        team 1 (winner) 
              
              
Gobiner (
yellow | 60 APM | 2791 actions | 46:13)
              
 6 Blademaster 
 3 Wind Walk
 2 Critical Strike
 1 Bladestorm
 
                » actions 
                
                | Assign group hotkey | 21 |  | 
| Basic commands | 12 |  | 
| Build / train | 79 |  | 
| Enter build submenu | 59 |  | 
| Enter hero's abilities submenu | 6 |  | 
| Give item / drop item | 16 |  | 
| Right click | 1470 |  | 
| Select / deselect | 287 |  | 
| Select group hotkey | 530 |  | 
| Use ability | 310 |  | 
                2791 total
 » units 
                » upgrades
                
                | Liquid Fire | 1 |  | 
| Ranged Weapons | 3 |  | 
| Armor | 1 |  | 
| Reinforced Defenses | 1 |  | 
| Troll Regeneration | 1 |  | 
| Burning Oil | 1 |  | 
                8 total
 » buildings
                
                | Altar of Storms | 1 |  | 
| Orc Burrow | 4 |  | 
| War Mill | 1 |  | 
| Voodoo Lounge | 4 |  | 
| Watch Tower | 46 |  | 
| Stronghold | 4 |  | 
| Fortress | 1 |  | 
| Beastiary | 2 |  | 
| Barracks | 1 |  | 
                64 total
 » build order
                00:07 Altar of Storms
00:20 Orc Burrow
00:30 War Mill
01:33 Voodoo Lounge
01:49 Watch Tower
02:06 Orc Burrow
02:31 Watch Tower
03:17 Watch Tower
03:18 Watch Tower
03:23 Watch Tower
03:24 Watch Tower
03:40 Watch Tower
04:00 Watch Tower
04:44 Watch Tower
04:45 Watch Tower
05:15 Watch Tower
05:22 Stronghold
05:22 Stronghold
05:22 Stronghold
05:40 Watch Tower
05:44 Watch Tower
05:57 Watch Tower
06:05 Orc Burrow
06:05 Orc Burrow
06:42 Watch Tower
07:43 Fortress
07:45 Beastiary
07:46 Beastiary
08:36 Watch Tower
08:37 Watch Tower
08:45 Voodoo Lounge
08:51 Watch Tower
08:52 Watch Tower
08:55 Watch Tower
08:56 Watch Tower
08:56 Watch Tower
08:57 Watch Tower
09:45 Watch Tower
10:07 Voodoo Lounge
10:53 Voodoo Lounge
11:01 Watch Tower
12:44 Watch Tower
12:45 Watch Tower
19:06 Barracks
21:48 Watch Tower
21:49 Watch Tower
25:38 Watch Tower
25:39 Watch Tower
25:47 Watch Tower
25:48 Watch Tower
25:48 Watch Tower
25:49 Watch Tower
26:11 Watch Tower
26:12 Watch Tower
26:12 Watch Tower
26:13 Watch Tower
26:56 Watch Tower
26:57 Watch Tower
27:18 Watch Tower
27:19 Watch Tower
27:20 Watch Tower
27:22 Watch Tower
27:26 Watch Tower
» items
                
                | Dust of Appearance | 1 |  | 
| Boots of Speed | 3 |  | 
| Staff of Teleportation | 1 |  | 
| Healing Salve | 3 |  | 
| Orb of Lightning | 1 |  | 
| Lesser Clarity Potion | 9 |  | 
| Potion of Lesser Invulnerability | 4 |  | 
                22 total
  
               
              
              
kunt.roII (
orange | 116 APM | 5376 actions | 46:13)
              
 4 Archmage 
 2 Blizzard
 2 Brilliance Aura
 5 Pandaren Brewmaster 
 3 Breath of Fire
 2 Drunken Haze
 4 Paladin 
 2 Holy Light
 2 Divine Shield
 
                » actions 
                
                | Assign group hotkey | 60 |  | 
| Basic commands | 66 |  | 
| Build / train | 137 |  | 
| ESC pressed | 9 |  | 
| Enter build submenu | 43 |  | 
| Enter hero's abilities submenu | 14 |  | 
| Give item / drop item | 11 |  | 
| Right click | 2531 |  | 
| Select / deselect | 375 |  | 
| Select group hotkey | 1809 |  | 
| Use ability | 321 |  | 
                5376 total
 » units 
                
                | Peasant | 15 |  | 
| Priest | 2 |  | 
| Dragonhawk Rider | 16 |  | 
| Sorceress | 2 |  | 
                35 total
 » upgrades
                
                | Masonry | 3 |  | 
| Magic Sentry | 1 |  | 
| Sorceress Training | 1 |  | 
| Priest Training | 2 |  | 
| Armor | 2 |  | 
| Animal War Training | 1 |  | 
| Lumber Harvesting | 2 |  | 
| Cloud | 1 |  | 
                13 total
 » buildings
                
                | Altar of Kings | 1 |  | 
| Farm | 7 |  | 
| Lumber Mill | 1 |  | 
| Scout Tower | 29 |  | 
| Arcane Tower | 9 |  | 
| Guard Tower | 20 |  | 
| Keep | 5 |  | 
| Arcane Sanctum | 2 |  | 
| Castle | 4 |  | 
| Arcane Vault | 1 |  | 
| Gryphon Aviary | 1 |  | 
| Barracks | 1 |  | 
| Blacksmith | 1 |  | 
                82 total
 » build order
                00:08 Altar of Kings
00:21 Farm
00:38 Lumber Mill
00:57 Farm
01:16 Scout Tower
01:39 Scout Tower
02:06 Arcane Tower
02:06 Arcane Tower
02:08 Scout Tower
02:12 Scout Tower
02:24 Arcane Tower
02:35 Scout Tower
02:36 Guard Tower
02:38 Scout Tower
03:12 Guard Tower
03:30 Scout Tower
03:54 Keep
03:54 Keep
03:55 Keep
04:17 Guard Tower
04:18 Scout Tower
04:19 Scout Tower
04:24 Guard Tower
05:00 Guard Tower
05:01 Scout Tower
05:03 Scout Tower
05:04 Scout Tower
05:38 Guard Tower
05:39 Guard Tower
05:41 Scout Tower
05:43 Scout Tower
05:44 Scout Tower
06:12 Scout Tower
06:13 Guard Tower
06:53 Arcane Sanctum
06:54 Farm
06:57 Castle
06:58 Castle
06:58 Castle
07:21 Farm
07:27 Guard Tower
08:31 Scout Tower
08:33 Scout Tower
08:38 Arcane Sanctum
08:40 Scout Tower
08:40 Scout Tower
08:41 Scout Tower
08:42 Scout Tower
08:43 Scout Tower
09:26 Guard Tower
09:26 Guard Tower
09:26 Guard Tower
10:01 Guard Tower
10:25 Arcane Vault
11:13 Arcane Tower
11:13 Arcane Tower
11:14 Arcane Tower
13:17 Farm
13:40 Arcane Tower
13:51 Gryphon Aviary
15:01 Scout Tower
15:09 Scout Tower
15:09 Scout Tower
15:10 Scout Tower
15:31 Barracks
15:50 Farm
15:52 Farm
16:24 Blacksmith
16:56 Guard Tower
19:47 Guard Tower
22:34 Scout Tower
22:35 Scout Tower
23:38 Arcane Tower
28:46 Arcane Tower
» items
                
                | Boots of Speed | 3 |  | 
| Staff of Teleportation | 3 |  | 
| Healing Salve | 2 |  | 
| Lesser Clarity Potion | 2 |  | 
| Potion of Invisibility | 1 |  | 
| Orb of Lightning | 11 |  | 
| Staff of Sanctuary | 4 |  | 
| Circlet of Nobility | 1 |  | 
| Periapt of Vitality | 1 |  | 
                28 total
  
               
              
              
MrFrosty (
blue | 98 APM | 4547 actions | 46:13)
              
 6 Archmage 
 3 Blizzard
 2 Brilliance Aura
 1 Mass Teleport
 5 Blood Mage 
 3 Flame Strike
 2 Siphon Mana
 5 Paladin 
 3 Holy Light
 2 Divine Shield
 
                » actions 
                
                | Assign group hotkey | 19 |  | 
| Basic commands | 85 |  | 
| Build / train | 93 |  | 
| ESC pressed | 1 |  | 
| Enter build submenu | 49 |  | 
| Enter hero's abilities submenu | 16 |  | 
| Give item / drop item | 9 |  | 
| Right click | 2670 |  | 
| Select / deselect | 743 |  | 
| Select group hotkey | 593 |  | 
| Use ability | 266 |  | 
                4547 total
 » units 
                
                | Peasant | 13 |  | 
| Sorceress | 2 |  | 
| Priest | 3 |  | 
| Dragonhawk Rider | 4 |  | 
                22 total
 » upgrades
                
                | Masonry | 3 |  | 
| Lumber Harvesting | 1 |  | 
| Magic Sentry | 1 |  | 
| Sorceress Training | 2 |  | 
| Priest Training | 2 |  | 
| Animal War Training | 1 |  | 
| Armor | 1 |  | 
                11 total
 » buildings
                
                | Altar of Kings | 2 |  | 
| Farm | 16 |  | 
| Scout Tower | 28 |  | 
| Lumber Mill | 1 |  | 
| Arcane Tower | 6 |  | 
| Guard Tower | 16 |  | 
| Keep | 1 |  | 
| Arcane Sanctum | 1 |  | 
| Castle | 1 |  | 
| Arcane Vault | 3 |  | 
| Blacksmith | 1 |  | 
| Barracks | 1 |  | 
| Gryphon Aviary | 1 |  | 
                78 total
 » build order
                00:07 Altar of Kings
00:19 Farm
00:43 Scout Tower
00:45 Scout Tower
01:06 Lumber Mill
01:14 Arcane Tower
01:28 Farm
01:36 Scout Tower
02:08 Guard Tower
02:10 Scout Tower
02:22 Scout Tower
02:36 Guard Tower
02:37 Scout Tower
02:56 Arcane Tower
03:11 Arcane Tower
03:13 Scout Tower
03:30 Scout Tower
03:33 Scout Tower
03:56 Guard Tower
04:02 Farm
04:22 Guard Tower
04:24 Scout Tower
04:28 Keep
05:01 Guard Tower
05:04 Scout Tower
05:23 Scout Tower
05:25 Scout Tower
05:33 Farm
05:57 Arcane Tower
05:58 Guard Tower
06:41 Guard Tower
06:43 Scout Tower
06:53 Arcane Sanctum
07:38 Guard Tower
07:43 Scout Tower
08:52 Scout Tower
08:54 Scout Tower
08:56 Scout Tower
08:58 Scout Tower
09:01 Arcane Tower
09:25 Guard Tower
09:26 Guard Tower
09:27 Guard Tower
09:28 Scout Tower
10:31 Guard Tower
10:50 Scout Tower
10:53 Scout Tower
10:54 Scout Tower
11:39 Castle
11:50 Arcane Tower
12:23 Guard Tower
12:26 Scout Tower
12:41 Farm
12:58 Guard Tower
13:22 Farm
13:54 Arcane Vault
17:53 Scout Tower
18:23 Guard Tower
18:25 Scout Tower
22:05 Blacksmith
22:10 Barracks
22:12 Farm
23:31 Guard Tower
25:08 Gryphon Aviary
25:27 Scout Tower
25:29 Scout Tower
26:33 Altar of Kings
28:50 Farm
28:51 Farm
28:52 Farm
28:52 Farm
28:53 Farm
28:54 Farm
28:55 Arcane Vault
30:15 Farm
30:31 Farm
30:35 Arcane Vault
32:14 Farm
» items
                
                | Staff of Teleportation | 3 |  | 
| Boots of Speed | 3 |  | 
| Healing Salve | 2 |  | 
| Periapt of Vitality | 2 |  | 
| Orb of Lightning | 3 |  | 
| Staff of Sanctuary | 3 |  | 
                16 total
  
               team 2 (loser) 
              
              
BLIND.SIDE (
red | 52 APM | 2399 actions | 46:12)
              
 3 Pandaren Brewmaster 
 2 Breath of Fire
 1 Drunken Brawler
 
                » actions 
                
                | Basic commands | 42 |  | 
| Build / train | 89 |  | 
| Enter build submenu | 29 |  | 
| Enter hero's abilities submenu | 3 |  | 
| Give item / drop item | 3 |  | 
| Remove unit from queue | 1 |  | 
| Right click | 1681 |  | 
| Select / deselect | 381 |  | 
| Use ability | 170 |  | 
                2399 total
 » units 
                » buildings
                
                | Altar of Elders | 1 |  | 
| Moon Well | 3 |  | 
| Hunter's Hall | 1 |  | 
| Ancient of War | 1 |  | 
| Ancient Protector | 18 |  | 
| Tree of Life | 4 |  | 
                28 total
 » build order
                00:20 Altar of Elders
00:34 Moon Well
01:11 Hunter's Hall
01:59 Ancient of War
06:07 Ancient Protector
06:12 Ancient Protector
11:53 Tree of Life
12:34 Ancient Protector
12:36 Ancient Protector
13:00 Ancient Protector
13:22 Ancient Protector
13:24 Ancient Protector
16:52 Ancient Protector
16:54 Ancient Protector
17:03 Ancient Protector
17:15 Ancient Protector
17:22 Ancient Protector
17:28 Ancient Protector
21:33 Moon Well
21:37 Moon Well
31:27 Tree of Life
32:24 Tree of Life
33:51 Ancient Protector
33:53 Ancient Protector
33:56 Tree of Life
34:02 Ancient Protector
35:02 Ancient Protector
35:45 Ancient Protector
» items
                
                | Periapt of Vitality | 1 |  | 
| Scroll of Speed | 1 |  | 
| Potion of Mana | 1 |  | 
| Boots of Speed | 1 |  | 
| Staff of Teleportation | 1 |  | 
| Potion of Lesser Invulnerability | 6 |  | 
| Potion of Invisibility | 1 |  | 
| Scroll of Healing | 6 |  | 
| Scroll of Protection | 1 |  | 
| Dust of Appearance | 1 |  | 
                20 total
  
               
              
              
DRX-Army. (
purple | 101 APM | 4676 actions | 46:06)
              
 5 Death Knight 
 3 Death Coil
 2 Unholy Aura
 4 Lich 
 2 Frost Nova
 2 Frost Armor
 
                » actions 
                
                | Assign group hotkey | 1019 |  | 
| Basic commands | 355 |  | 
| Build / train | 87 |  | 
| Enter build submenu | 24 |  | 
| Enter hero's abilities submenu | 9 |  | 
| Remove unit from queue | 5 |  | 
| Right click | 1709 |  | 
| Select / deselect | 473 |  | 
| Select group hotkey | 898 |  | 
| Use ability | 97 |  | 
                4676 total
 » units 
                
                | Acolyte | 7 |  | 
| Ghoul | 2 |  | 
| Crypt Fiend | 7 |  | 
| Gargoyle | 2 |  | 
| Frost Wyrm | 27 |  | 
                45 total
 » upgrades
                
                | Creature Attack | 3 |  | 
| Creature Carapace | 4 |  | 
| Freezing Breath | 1 |  | 
| Web | 1 |  | 
                9 total
 » buildings
                
                | Graveyard | 1 |  | 
| Crypt | 1 |  | 
| Altar of Darkness | 1 |  | 
| Ziggurat | 9 |  | 
| Tomb of Relics | 1 |  | 
| Nerubian Tower | 1 |  | 
| Halls of the Dead | 1 |  | 
| Black Citadel | 1 |  | 
| Sacrificial Pit | 1 |  | 
| Boneyard | 3 |  | 
| Spirit Tower | 2 |  | 
                22 total
 » build order
                00:06 Graveyard
00:11 Crypt
00:31 Altar of Darkness
00:41 Ziggurat
01:03 Tomb of Relics
02:25 Ziggurat
02:44 Nerubian Tower
03:37 Halls of the Dead
04:24 Ziggurat
06:00 Black Citadel
06:22 Sacrificial Pit
06:26 Ziggurat
06:28 Ziggurat
06:29 Ziggurat
06:33 Ziggurat
08:24 Boneyard
08:38 Boneyard
09:28 Boneyard
12:09 Spirit Tower
12:11 Ziggurat
15:00 Ziggurat
18:49 Spirit Tower
» items
                
                | Rod of Necromancy | 2 |  | 
| Potion of Healing | 3 |  | 
| Orb of Corruption | 1 |  | 
| Dust of Appearance | 4 |  | 
                10 total
  
               
              
              
WhereIsthelove (
pink | 99 APM | 4571 actions | 45:59)
              
 4 Blademaster 
 2 Wind Walk
 2 Critical Strike
 1 Shadow Hunter 
 1 Hex
 
                » actions 
                
                | Assign group hotkey | 68 |  | 
| Basic commands | 260 |  | 
| Build / train | 124 |  | 
| Enter build submenu | 35 |  | 
| Enter hero's abilities submenu | 5 |  | 
| Give item / drop item | 3 |  | 
| Remove unit from queue | 1 |  | 
| Right click | 2119 |  | 
| Select / deselect | 693 |  | 
| Select group hotkey | 1063 |  | 
| Use ability | 200 |  | 
                4571 total
 » units 
                
                | Peon | 41 |  | 
| Grunt | 4 |  | 
| Troll Batrider | 11 |  | 
| Wind Rider | 2 |  | 
| Raider | 9 |  | 
| Shaman | 2 |  | 
| Demolisher | 4 |  | 
                73 total
 » upgrades
                
                | Armor | 2 |  | 
| Ranged Weapons | 1 |  | 
| Liquid Fire | 1 |  | 
| Shaman Training | 2 |  | 
| Envenomed Spears | 1 |  | 
| Ensnare | 1 |  | 
| Melee Weapons | 2 |  | 
| Pillage | 1 |  | 
| Burning Oil | 1 |  | 
                12 total
 » buildings
                
                | Altar of Storms | 1 |  | 
| Orc Burrow | 8 |  | 
| Barracks | 3 |  | 
| Voodoo Lounge | 1 |  | 
| Stronghold | 3 |  | 
| War Mill | 1 |  | 
| Watch Tower | 16 |  | 
| Beastiary | 3 |  | 
| Fortress | 3 |  | 
| Spirit Lodge | 1 |  | 
                40 total
 » build order
                00:09 Altar of Storms
00:14 Orc Burrow
00:37 Barracks
01:46 Orc Burrow
02:05 Voodoo Lounge
03:17 Stronghold
03:17 Stronghold
03:41 War Mill
04:49 Orc Burrow
05:33 Watch Tower
05:38 Watch Tower
05:44 Beastiary
06:43 Fortress
06:46 Beastiary
07:11 Beastiary
07:28 Orc Burrow
07:53 Orc Burrow
13:30 Spirit Lodge
13:56 Watch Tower
13:57 Watch Tower
14:00 Watch Tower
15:21 Orc Burrow
18:17 Watch Tower
18:19 Watch Tower
18:36 Watch Tower
23:47 Orc Burrow
23:48 Orc Burrow
25:53 Watch Tower
25:55 Watch Tower
25:56 Watch Tower
25:58 Watch Tower
25:59 Watch Tower
27:03 Barracks
27:04 Barracks
29:05 Watch Tower
29:06 Watch Tower
29:09 Watch Tower
» items
                
                | Lesser Clarity Potion | 4 |  | 
| Healing Salve | 3 |  | 
| Orb of Lightning | 2 |  | 
| Tiny Great Hall | 1 |  | 
| Potion of Healing | 3 |  | 
| Scroll of Town Portal | 1 |  | 
| Potion of Mana | 1 |  | 
                15 total
  
                Chat log
          (00:14 / All) kunt.roII: gl Hf
(00:23 / All) WhereIsthelove: proto trash?
(00:26 / All) kunt.roII: ?
(00:30 / All) kunt.roII: how can u proto on this map
(00:36 / All) BLIND.SIDE: ez
(00:46 / All) kunt.roII: ?_?
(00:46 / All) Gobiner: 2ez?
(00:49 / All) WhereIsthelove: take the middle expo fasy
(00:50 / All) WhereIsthelove: mass tower...
(00:52 / All) WhereIsthelove: two hu
(00:58 / All) kunt.roII: lol
(01:07 / All) kunt.roII: how could u tower that vs anything other than acolytes
(01:09 / All) WhereIsthelove: try it ^^
(01:12 / All) kunt.roII: ok
(01:45 / All) kunt.roII: HUNT GRUNT FIEND?
(01:56 / Allies) MrFrosty: lets hope they dont go anti tower heroes
(01:57 / All) kunt.roII: u should clowntress
(02:15 / All) kunt.roII: feed ur elf
(02:18 / All) kunt.roII: for 4 aow hunts
(02:43 / All) BLIND.SIDE: hi
(02:46 / All) kunt.roII: hello
(02:49 / All) kunt.roII: ICE STORM
(03:39 / All) kunt.roII: lol
(03:40 / All) kunt.roII: nice block
(03:45 / All) DRX-Army.: ty
(04:31 / Allies) MrFrosty: l ol
(05:40 / All) BLIND.SIDE: hi hacker
(05:43 / Allies) MrFrosty: lol
(05:46 / All) kunt.roII: LoL
(05:50 / All) kunt.roII: hackers got banned
(05:55 / All) BLIND.SIDE: no they didn't
(06:07 / All) kunt.roII: plz tell me how we jumped 150 ranks without playing a game
(08:21 / All) WhereIsthelove: noob
(08:24 / All) kunt.roII: LOL
(08:49 / All) MrFrosty: thanks
(09:05 / All) kunt.roII: im sure losing 1 lvl 2 hero to kill 4 grunts is a noob move
(09:05 / All) BLIND.SIDE: ir bad
(09:11 / All) MrFrosty: also the 5 peons
(09:17 / All) BLIND.SIDE: im sure u lost this game
(09:20 / All) kunt.roII: WELP
(11:00 / All) kunt.roII: LOL
(11:06 / All) BLIND.SIDE: oh nice invisible
(11:09 / All) kunt.roII: LOL
(11:11 / All) BLIND.SIDE: I can still see u
(11:37 / All) BLIND.SIDE: not all hackers got ban
(11:39 / All) BLIND.SIDE: u wanna be gay
(11:40 / All) kunt.roII: hahah
(11:40 / All) BLIND.SIDE: i can be too
(11:41 / Allies) MrFrosty: lol
(11:43 / All) Gobiner: bwahahahaha
(11:47 / All) kunt.roII: now this makes for a fun game
(14:58 / All) kunt.roII: lool
(15:01 / All) kunt.roII: sad
(17:04 / All) Gobiner: no dust :)
(17:17 / All) MrFrosty: i saw a replay of a hack that helped you micro
(17:22 / All) MrFrosty: you guys should probaably checj it out
(17:35 / All) DRX-Army.: be more gay?
(17:46 / All) kunt.roII: says the hacker
(17:53 / All) DRX-Army.: wait
(18:00 / All) DRX-Army.: u actually care that much about wc3?
(18:07 / All) kunt.roII: lol?
(18:19 / All) MrFrosty: you care enough to hack
(18:24 / All) DRX-Army.: LOL
(18:27 / All) DRX-Army.: its like
(18:32 / All) WhereIsthelove: vs idiots...
(18:39 / All) DRX-Army.: habitually u hack u get ur cd key banned
(18:46 / All) DRX-Army.: wich means i dont really care
(18:55 / All) kunt.roII: and u guys care enough to actually know how ti works lmao
(19:10 / All) DRX-Army.: ?
(19:13 / All) BLIND.SIDE: its called zmap
(19:16 / All) Gobiner: you didn't want those wisps anyway
(19:34 / All) Gobiner: too bad zmap doesn't have a skillhack portion to protect them from blademaster harass
(19:38 / All) Gobiner: best just detonate every one
(19:43 / All) Gobiner: that's what moon does
(21:26 / All) Gobiner: buy dust noobie
(21:29 / All) Gobiner: or a shade
(21:43 / All) DRX-Army.: on the way lolk
(21:55 / All) MrFrosty: thanks for being so bad
(22:02 / All) MrFrosty: its hard to beat hackers who actually have skill
(22:16 / All) BLIND.SIDE: they are proto whores
(22:19 / Allies) MrFrosty: shade
(23:26 / All) MrFrosty: thanks
(23:41 / All) Gobiner: please drophack us
(23:45 / All) Gobiner: we like being tiehacked :)
(25:34 / All) DRX-Army.: nub more?
(25:37 / All) kunt.roII: lol
(28:15 / Allies) MrFrosty: welp
(29:21 / Allies) MrFrosty: i guess not
(31:08 / All) DRX-Army.: haha
(31:10 / All) kunt.roII: lol
(31:16 / All) DRX-Army.: good try tho
(35:54 / Allies) MrFrosty: woot 4 pally
(37:41 / All) Gobiner: nice surround
(37:50 / All) kunt.roII: nice try tho ?:)
(37:51 / All) Gobiner: zmap doesn't include awarness hacks?
(38:47 / Allies) MrFrosty: thanks for the heal b t w
(40:05 / All) MrFrosty: nice try
(41:36 / All) Gobiner: did tiehack not work?
(42:49 / All) MrFrosty: sorry
(43:18 / All) MrFrosty: surrounds are hard
(43:26 / All) MrFrosty: dont worry about it you will master them one day
(44:40 / All) Gobiner: time to tiehack
(45:04 / All) WhereIsthelove: u guys think ur so fukin good
(45:10 / All) MrFrosty: sorry for your loss
(45:12 / All) WhereIsthelove: ca`use u proto
(45:15 / All) Gobiner: thanks for the free win :)
(45:17 / All) MrFrosty: no just alot better than you guys
(46:03 / All) Gobiner: tiehacks?
(46:05 / All) MrFrosty: thanjs
(46:06 / Allies) kunt.roII: these guys
(46:09 / Allies) kunt.roII: hacked so hard